 Dungeon Crawl Stone Soup version 0.29-a0-320-g9f8742066b (webtiles) character file.

Game seed: 387097902919105888

632 sammy202020 the Skirmisher (level 7, -9/84 HPs)
             Began as a Demonspawn Berserker on Apr 2, 2022.
             Was a Believer of Trog.
             Killed by vampiric draining
             ... invoked by a vampire
              (13 damage)
             ... on level 5 of the Dungeon.
             The game lasted 00:06:43 (4120 turns).

sammy202020 the Skirmisher (Demonspawn Berserker)   Turns: 4120, Time: 00:06:44

Health: -9/84      AC: 13    Str: 19    XL:     7   Next: 24%
Magic:  7/7        EV: 12    Int:  9    God:    Trog [**....]
Gold:   153        SH:  4    Dex: 12    Spells: 6/6 levels left

rFire   . . .      SeeInvis .   w - +1 war axe (vorpal)
rCold   + . .      Faith    .   (no shield)
rNeg    . . .      Spirit   .   d - +1 chain mail
rPois   .          Reflect  .   (helmet restricted)
rElec   .          Harm     .   v - +0 cloak
rCorr   .          Rampage  .   (no gloves)
Will    ++...                   q - +1 pair of boots
Stlth   ..........              (no amulet)
HPRegen 1.24/turn               l - +4 ring of evasion
MPRegen 0.10/turn               u - ring of protection from cold

@: berserking (expiring), strong-willed (expiring), regenerating (expiring),
very quick
A: horns 1, large bone plates 1, demonic guardian 1, demonic magic 1
a: Renounce Religion, Berserk, Trog's Hand


You were on level 5 of the Dungeon.
You worshipped Trog.
Trog was pleased with you.
You visited 1 branch of the dungeon, and saw 5 of its levels.

You collected 237 gold pieces.
You spent 84 gold pieces at shops.

Inventory:

Hand Weapons
 w - a +1 vorpal war axe (weapon)
 y - a +0 vorpal mace
Missiles
 h - 3 poisoned darts
 z - a boomerang (quivered)
Armour
 d - a +1 chain mail (worn)
 q - a +1 pair of boots (worn)
 v - a +0 cloak (worn)
Jewellery
 e - a +6 ring of intelligence
 l - a +4 ring of evasion (left hand)
 u - a ring of protection from cold (right hand)
Wands
 f - a wand of mindburst (2)
 n - a wand of iceblast (8)
Scrolls
 b - a scroll of teleportation
 i - a scroll of fear
 k - a scroll of enchant weapon
 s - a scroll of magic mapping {unknown}
 x - 3 scrolls of torment
Potions
 a - a potion of invisibility {unknown}
 c - a potion of mutation {unknown}
 g - 2 potions of degeneration
 j - 2 potions of heal wounds
 m - 5 potions of curing
 o - a potion of attraction {unknown}
 p - a potion of lignification {unknown}
 r - a potion of magic {unknown}
 t - a potion of ambrosia {unknown}
 A - a potion of brilliance {unknown}


   Skills:
 * Level 5.2 Fighting
 * Level 4.7 Axes
 * Level 4.0 Armour
 + Level 3.1 Dodging


You had 6 spell levels left.
You didn't know any spells.
Your spell library was empty.

Dungeon Overview and Level Annotations

Branches:
Dungeon (5/15)             Temple (0/1) D:4

Altars:
Zin

Shops:
D:3 (!?


Innate Abilities, Weirdness & Mutations

You have a pair of small horns on your head.
You are partially covered in large bone plates. (SH +4)
A weak demonic guardian rushes to your aid.
Spells you cast may paralyse adjacent enemies.


Message History

You hit something but do no damage. You hit something.
You closely miss the gnoll. Your headbutt misses the gnoll.
The gnoll is severely wounded.
You miss something. You closely miss something. Something hits you. x2
* * * LOW HITPOINT WARNING * * *
Something bites you!
* * * LOW HITPOINT WARNING * * *
A demonic guardian appears!
Something draws strength from your injuries!
The gnoll closely misses you.
You slice the gnoll!!
You kill the gnoll!
Trog accepts your kill.
You closely miss something. You slash something! Trog accepts your kill.
Trog appreciates your killing of a magic user.
Reactivating autopickup.
You feel a bit more experienced. Something hits you but does no damage.
Deactivating autopickup; reactivate with Ctrl-A.
Something bites you but does no damage.
Your Armour skill increases to level 4!
You closely miss something. Something hits you but does no damage.
Something bites you but does no damage.
You barely miss something.
You feel the effects of Trog's Hand fading.
Something hits you but does no damage. Something bites you but does no damage.
You closely miss something. Something hits you.
* * * LOW HITPOINT WARNING * * *
Something bites you!
* * * LOW HITPOINT WARNING * * *
Something draws strength from your injuries!
You closely miss something. Something hits you!
* * * LOW HITPOINT WARNING * * *
Something bites you.
* * * LOW HITPOINT WARNING * * *
Something draws strength from your injuries!
You hit something. Your headbutt misses something.
Something hits you but does no damage. Something bites you but does no damage.
You slash something! Something draws life force from you!
You die...

......... . ####
#........ ?. #
...##........ ...##.
####...........
......###...............
#...)5).# #.........
#..@{.# #.......).
#.##)## ###......... #
#).###...........
##.......(..>...#
##......#..###.#
#<.##.#..## #..
.....#.#.## #..
#..........# ###
#..#.#>##...# #


You could see a friendly ufetubus (summoned).

Vanquished Creatures
  A black bear (D:4)
  2 ogres (D:5)
  3 orc priests (D:5)
  A hound (D:5)
  4 orc wizards (D:5)
  4 gnolls
  4 adders
  A shadow imp (D:5)
  An ufetubus (D:4)
  A dart slug (D:4)
  4 orcs
  9 bats
  3 endoplasms
  6 hobgoblins
  3 jackals (D:5)
  3 quokkas
  6 ball pythons
  A frilled lizard (D:2)
  5 goblins
  8 kobolds
  5 rats
75 creatures vanquished.

Notes
Turn   | Place    | Note
-------+----------+-------------------------------------------
     0 | D:1      | sammy202020 the Demonspawn Berserker began the quest for
                  | the Orb.
     0 | D:1      | Reached XP level 1. HP: 18/18 MP: 1/1
   459 | D:1      | Gained mutation: You have a pair of small horns on your
                  | head. [demonic ancestry]
   459 | D:1      | Reached XP level 2. HP: 24/24 MP: 2/2
  1305 | D:2      | Found a faded altar of an unknown god.
  1310 | D:2      | Reached XP level 3. HP: 28/29 MP: 3/3
  1779 | D:3      | Found Efyas's Weapon Shoppe.
  1784 | D:3      | Bought a +0 vorpal mace for 84 gold pieces
  1939 | D:3      | Gained mutation: Spells you cast may paralyse adjacent
                  | enemies. [demonic ancestry]
  1939 | D:3      | Reached XP level 4. HP: 35/37 MP: 4/4
  2107 | D:3      | Found Riluru's Distillery.
  2198 | D:3      | Found Jagi Jazxi's Magic Scroll Emporium.
  2293 | D:3      | Reached ** piety under Trog
  2876 | D:4      | Found a staircase to the Ecumenical Temple.
  2982 | D:4      | Noticed a black bear
  2993 | D:4      | Killed a black bear
  2994 | D:4      | Reached skill level 4 in Fighting
  2994 | D:4      | Gained mutation: A weak demonic guardian rushes to your
                  | aid. [demonic ancestry]
  2994 | D:4      | Reached XP level 5. HP: 34/42 MP: 5/5
  3432 | D:5      | Entered Level 5 of the Dungeon
  3523 | D:5      | Gained mutation: You are partially covered in large bone
                  | plates. (SH +4) [demonic ancestry]
  3523 | D:5      | Reached XP level 6. HP: 46/49 MP: 6/6
  4097 | D:5      | Noticed a vampire
  4109 | D:5      | Reached skill level 5 in Fighting
  4109 | D:5      | Reached XP level 7. HP: 41/56 MP: 7/7
  4118 | D:5      | HP: 2/84 [something (8)]
  4120 | D:5      | Killed from afar by a vampire

Illustrated notes

Levels and vault maps discovered:
D:1:      wander_arrival_lonely_grave, layout_basic
D:2:      layout_rooms, hellmonk_ecumenical_altar_arch_garden
D:3:      layout_basic, overflow_temple_1_default, serial_shops,
          nicolae_shop_hallway_stairs, shop_fountains,
          nicolae_shop_behind_doors, eino_tiny_chamber,
          minmay_misc_feat_enclosed, minmay_misc_feat_chi
D:4:      layout_cave_pools, temple_statues
D:5:      layout_rooms, minmay_crystal_room, chequers_serial_rivers_marsh

Skill      XL: |  1  2  3  4  5  6  7 |
---------------+----------------------+-----
Armour         | 2 3 4 |  4.0
Dodging        | 2 3 |  3.1
Axes           | 3 4 |  4.7
Fighting       | 4 5 |  5.2

Action                   |  1- 3 |  4- 6 |  7- 9 || total
-------------------------+-------+-------+-------++-------
Melee: Hand axe          |    73 |       |       ||    73
       Headbutt          |     7 |     9 |       ||    16
       War axe           |    14 |   104 |    11 ||   129
Invok: Berserk           |       |     1 |       ||     1
       Trog's Hand       |       |     1 |       ||     1
  Use: Scroll            |       |    12 |       ||    12
Armor: Chain mail        |    54 |    87 |     9 ||   150
       Animal skin       |     6 |       |       ||     6
Dodge: Dodged            |    40 |    81 |     3 ||   124
Block: Other             |       |     5 |       ||     5

Table legend: (Time is in decaauts)
 A = Elapsed time spent in this place.
 B = Non-inter-level travel time spent in this place.
 C = Inter-level travel time spent in this place.
 D = Time resting spent in this place.
 E = Time spent auto-exploring this place.
 F = Levels seen in this place.
 G = Mean time per level.
                   A        B        C        D        E       F      G
               +--------+--------+--------+--------+--------+-----+--------+
         Total |   4163 |   4163 |      0 |    374 |   3045 |   5 |  832.6 |
       Dungeon |   4163 |   4163 |      0 |    374 |   3045 |   5 |  832.6 |
               +--------+--------+--------+--------+--------+-----+--------+

Top non-repeatable levels by time:
     D:1: 1174 daAuts
     D:3: 1125 daAuts
     D:5: 698 daAuts
     D:4: 633 daAuts
     D:2: 531 daAuts
